 Dungeon Crawl Stone Soup version 0.19.5 (webtiles) character file.

263 kysmasi the Skirmisher (level 5, -6/42 HPs)
             Began as a Demonspawn Abyssal Knight on Nov 9, 2017.
             Was a Believer of Lugonu.
             Mangled by a killer bee (9 damage)
             ... on level 5 of the Dungeon.
             The game lasted 00:14:03 (2939 turns).

kysmasi the Skirmisher (Demonspawn Abyssal Knight)  Turns: 2939, Time: 00:14:04

Health: -6/42      AC:  5    Str: 13    XL:     5   Next: 97%
Magic:  7/7        EV:  9    Int: 16    God:    Lugonu [**....]
Gold:   178        SH:  9    Dex: 13    Spells: 0 memorised, 4 levels left

rFire  . . .     SeeInvis .     a - +2 hand axe
rCold  . . .     Gourm    .     b - +0 leather armour
rNeg   . . .     Faith    .     d - +2 shield {reflect}
rPois  +         Spirit   .     n - +0 hat
rElec  .         Reflect  +     (no cloak)
rCorr  .         Harm     .     (no gloves)
MR     .....                    f - +1 pair of boots {run}
Stlth  +.........               (no amulet)
                                u - ring of poison resistance
                                e - +3 ring of intelligence

@: lethally poisoned (-6 -> -6), quick
A: antennae 1, hooves 2
a: Depart the Abyss, Bend Space, Renounce Religion


You were on level 5 of the Dungeon.
You worshipped Lugonu.
Lugonu was pleased with you.
You were hungry.

You visited 1 branch of the dungeon, and saw 5 of its levels.
You visited the Abyss 1 time.

You collected 178 gold pieces.

Inventory:

Hand Weapons
 a - a +2 hand axe (weapon)
Armour
 b - a +0 leather armour (worn)
 d - a +2 shield of reflection (worn)
 f - a +1 pair of boots of running (worn)
 n - a +0 hat (worn)
Jewellery
 e - a +3 ring of intelligence (left hand)
 s - an uncursed ring of magical power
 u - a ring of poison resistance (right hand)
Wands
 j - a wand of digging (9/24)
 p - a wand of random effects (25/48)
Scrolls
 h - a scroll of remove curse
 i - a scroll of teleportation
 l - a scroll of fog
 q - a scroll of magic mapping
Potions
 g - a potion of magic
 k - 2 potions of curing
 m - 4 potions of cure mutation
Comestibles
 c - 5 bread rations
 r - a meat ration


   Skills:
 + Level 4.0 Fighting
 + Level 2.9 Axes
 + Level 3.0 Armour
 + Level 2.5 Dodging
 + Level 1.6 Shields
 - Level 2.8 Invocations


You had 4 spell levels left.
You didn't know any spells.

Dungeon Overview and Level Annotations

Branches:
Dungeon (5/15)             Temple (0/1) D:4

Altars:
Makhleb
Vehumet
Xom

Annotations:
D:4 Edmund
D:5 p0werm0de's ghost, novice HECK


Innate Abilities, Weirdness & Mutations

You have a pair of small antennae on your head.
You have hoof-like feet.


Message History

You feel sick.
P0werm0de's ghost (novice High Elf Chaos Knight) comes into view.
It is wielding a weapon of freezing.
P0werm0de's ghost turns its malevolent gaze towards you.
The killer bee stings you.
* * * LOW HITPOINT WARNING * * *
You slash p0werm0de's ghost!
P0werm0de's ghost is lightly damaged.
You barely miss the killer bee. The killer bee stings you.
* * * LOW HITPOINT WARNING * * *
The killer bee barely misses you.
P0werm0de's ghost hits you but does no damage.
The killer bee barely misses you.
Unknown command.
You barely miss p0werm0de's ghost.
P0werm0de's ghost is lightly damaged.
You barely miss the killer bee.
You feel sick. The killer bee closely misses you.
P0werm0de's ghost hits you but does no damage.
The killer bee stings you!
You die...

#######.########......#
........................
#########.#.################
........#.#.#......
#########.#..y.....#
............#y#.##.#
..####.#.#.#y#.# #.#.#.#y# #
### #.#.#.#@#{ ..# #.#.#.#W#
#.#.######.#.#.#.y
#.#........#.#.#...
#.######.#.#.#...... #.#
#...#.# #.#### #.# #.###.#
... #.# #..#... #..
#.####..#..#


You could see 5 killer bees and p0werm0de's ghost.

Vanquished Creatures
  The ghost of p0werm0de the Slasher, a weakling HECK of Xom (D:4)
  A crimson imp (D:4)
  An iguana (D:4)
  2 worker ants (D:4)
  2 adders
  A gnoll (D:4)
  2 oozes
  2 dart slugs
  2 orcs (D:4)
  9 giant cockroaches
  7 goblins
  6 hobgoblins
  12 jackals
  5 kobolds
  A ball python (D:2)
  8 bats
  4 frilled lizards
  7 rats
73 creatures vanquished.

Notes
Turn   | Place    | Note
-------+----------+-------------------------------------------
     0 | Abyss:1  | kysmasi the Demonspawn Abyssal Knight began the quest for the Orb.
     0 | Abyss:1  | Reached XP level 1. HP: 18/18 MP: 2/2
    35 | Abyss:1  | Noticed a sixfirhy
    83 | Abyss:2  | Found a corrupted altar of Lugonu.
   133 | Abyss:2  | Noticed an iron imp
   141 | Abyss:2  | Noticed a large abomination
   144 | D:1      | Escaped the Abyss
   158 | D:1      | Identified a +0 pair of boots of running (You found it on level 2 of the Abyss)
   182 | D:1      | Reached skill level 1 in Dodging
   312 | D:1      | Reached * piety under Lugonu
   372 | D:1      | Gained mutation: You have large cloven feet. [demonic ancestry]
   372 | D:1      | Reached XP level 2. HP: 19/24 MP: 4/4
  1017 | D:2      | Reached XP level 3. HP: 28/29 MP: 5/5
  1154 | D:2      | Reached ** piety under Lugonu
  1639 | D:3      | Found a burning altar of Makhleb.
  1756 | D:3      | Gained mutation: You have a pair of small antennae on your head. [demonic ancestry]
  1756 | D:3      | Reached XP level 4. HP: 34/35 MP: 6/6
  1914 | D:4      | Found a staircase to the Ecumenical Temple.
  1959 | D:4      | Found a radiant altar of Vehumet.
  1960 | D:4      | Found a burning altar of Makhleb.
  2011 | D:4      | Reached skill level 1 in Shields
  2045 | D:4      | Gained mutation: You have hoof-like feet. [demonic ancestry]
  2045 | D:4      | Reached XP level 5. HP: 32/41 MP: 7/7
  2210 | D:4      | Noticed p0werm0de's ghost (weakling HECK)
  2211 | D:4      | Noticed Edmund
  2235 | D:4      | Killed p0werm0de's ghost
  2504 | D:4      | Reached skill level 4 in Fighting
  2681 | D:5      | Entered Level 5 of the Dungeon
  2880 | D:5      | Found a shimmering altar of Xom.
  2937 | D:5      | Noticed p0werm0de's ghost (novice HECK)
  2939 | D:5      | Mangled by a killer bee

Skill      XL: |  1  2  3  4  5 |
---------------+----------------+-----
Dodging        | 1 2 |  2.5
Armour         | 2 3 |  3.0
Axes           | 2 |  2.9
Shields        | 1 |  1.6
Fighting       | 4 |  4.0
Invocations    | |  2.8

Action                   |  1- 3 |  4- 6 || total
-------------------------+-------+-------++-------
Melee: Hand axe          |   172 |   134 ||   306
Invok: Depart the Abyss  |     1 |       ||     1
  Use: Scroll            |     9 |     2 ||    11
       Potion            |     4 |     6 ||    10
 Stab: Sleeping          |       |     1 ||     1
  Eat: Chunk             |     1 |     2 ||     3
       Pizza             |     1 |     1 ||     2
Armor: Leather armour    |    89 |    18 ||   107
Dodge: Dodged            |    72 |    56 ||   128
Block: Shield            |    79 |    64 ||   143
       Reflection        |       |     2 ||     2
